Map: World of Sleepers LE

Players

Inojin

  • Race: Zerg Zerg
  • League: Master
  • Spawn Location: 7:00

TSGNice (Nice) - Winner!

  • Race: Protoss Protoss
  • Spawn Location: 1:00

Event: NationWars 2019

VOD

Have the link to the VOD?

Description

Time

  • Played on: Oct. 1, 2019, 9:43 a.m.
  • Length: 4:24
Show
View Real Time Build Order
Export as new Build Order

Inojin Zerg 

Build Orders: Pool First 

Get SALT Encoding   

  12  0:01  Drone  
  13  0:13  Overlord  
  13  0:18  Drone  
  14  0:31  Drone x2  
  16  0:41  Spawning Pool  
  15  0:43  Extractor  
  15  0:46  Drone  
  15  0:50  Drone  
  16  0:58  Drone  
  17  1:19  Hatchery  
  16  1:28  Zergling x4  
  16  1:32  Zergling x2  
  19  1:40  Zergling x2  
  19  1:44  Metabolic Boost  
  20  1:53  Queen  
  22  2:01  Overlord  
  22  2:19  Zergling x4  
  22  2:22  Zergling x2  
  25  2:34  Zergling x4  
  27  2:41  Zergling x2  
  28  2:44  Overlord  
  28  2:54  Zergling x2  
  28  2:56  Zergling x2  
  30  3:05  Zergling x6  
  33  3:12  Zergling x2  
  34  3:22  Zergling x2  
  32  3:35  Zergling x2  
  30  3:47  Zergling x2  
  26  3:57  Zergling x2  
Show
View Real Time Build Order
Export as new Build Order

TSGNice Protoss - Winner!

Build Orders: 1 Gate Expand 

Get SALT Encoding   

  12  0:01  Probe  
  13  0:13  Probe  
  14  0:21  Pylon  
  14  0:25  Probe  
  15  0:39  Probe (Chrono Boost)  
  15  0:42  Gateway  
  16  0:49  Assimilator  
  17  0:50  Probe (Chrono Boost)  
  17  0:54  Probe (Chrono Boost)  
  18  1:06  Probe  
  19  1:18  Probe  
  20  1:29  Cybernetics Core  
  20  1:30  Gateway  
  20  1:43  Nexus  
  20  1:49  Zealot (Chrono Boost)  
  22  1:56  Pylon  
  22  2:01  Assimilator  
  22  2:04  Probe  
  23  2:13  Adept  
  25  2:16  Warp Gate  
  25  2:17  Probe (Chrono Boost)  
  26  2:29  Probe (Chrono Boost)  
  27  2:34  Sentry  
  27  2:36  Probe (Chrono Boost)  
  29  2:43  Probe  
  30  2:44  Pylon  
  30  2:55  Robotics Facility  
  30  2:56  Probe (Chrono Boost)  
  32  3:01  Probe (Chrono Boost)  
  32  3:09  Sentry (Chrono Boost)  
  32  3:10  Gateway  
  34  3:18  Shield Battery  
  34  3:20  Pylon  
  34  3:27  Shield Battery  
  34  3:32  Sentry  
  36  3:35  Pylon  
  36  3:43  Gateway  
  36  3:58  Cybernetics Core  
  36  3:59  Pylon  
Tags
 
Add a new tag
Caveats
  • Supply blocks, unpowered buildings, or Contaminate may cause inaccurate times.
  • Supply counts are checked every 10 seconds.